 Dungeon Crawl Stone Soup version 0.25-b1-46-gb8a1ec05df (webtiles) character file.

Game seed: 4435657157698080040

435 grindst0ne the Skirmisher (level 7, -6/56 HPs)
             Began as a Formicid Abyssal Knight on June 10, 2020.
             Was a Believer of Lugonu.
             Mangled by a black bear (7 damage)
             ... on level 6 of the Dungeon.
             The game lasted 00:06:19 (3508 turns).

grindst0ne the Skirmisher (Formicid Abyssal Knight) Turns: 3508, Time: 00:06:19

Health: -6/56      AC:  8    Str: 23    XL:     7   Next: 21%
Magic:  12/12      EV:  8    Int: 13    God:    Lugonu [**....]
Gold:   112        SH:  0    Dex:  8    Spells: 6/6 levels left

rFire    . . .     SeeInvis +   r - +0 flail
rCold    . . .     Gourm    .   (no shield)
rNeg     . . .     Faith    .   m - +0 chain mail
rPois    .         Spirit   .   (helmet unavailable)
rElec    .         Reflect  .   (no cloak)
rCorr    .         Harm     .   (no gloves)
MR       .....                  (no boots)
Stlth    ..........             (no amulet)
HPRegen  0.18/turn              e - +6 ring of strength
MPRegen  0.13/turn              l - ring of flight

@: no status effects
A: permanent stasis, dig shafts and tunnels, four strong arms, antennae 3,
talons 1, clumsy 1, high mp 1
a: Dig, Shaft Self, Depart the Abyss, Bend Space, Renounce Religion, Evoke
Flight


You were on level 6 of the Dungeon.
You worshipped Lugonu.
Lugonu was pleased with you.
You were not hungry.

You visited 1 branch of the dungeon, and saw 4 of its levels.
You visited the Abyss 1 time.

You collected 112 gold pieces.

Inventory:

Hand Weapons
 r - a +0 flail (weapon)
Armour
 b - a +0 leather armour
 m - a +0 chain mail (worn)
Jewellery
 e - a +6 ring of strength (left hand)
 l - a ring of flight (right hand)
Scrolls
 f - a scroll of identify {unknown}
 h - 4 scrolls of teleportation {unknown}
 n - a scroll of fog {unknown}
 o - 2 scrolls of remove curse {unknown}
 p - 3 scrolls of magic mapping {unknown}
Potions
 g - 2 potions of resistance {unknown}
 i - 2 potions of brilliance {unknown}
 j - 2 potions of mutation
 k - 3 potions of stabbing {unknown}
 q - a potion of degeneration {unknown}
Comestibles
 c - 5 rations


   Skills:
 + Level 5.4 Fighting
 + Level 4.4 Maces & Flails
 - Level 2.1 Armour
 - Level 0.8 Dodging
 + Level 5.2 Invocations


You had 6 spell levels left.
You didn't know any spells.
Your spell library was empty.

Dungeon Overview and Level Annotations

Branches:
Dungeon (3/15)

Altars:
Ashenzari


Innate Abilities, Weirdness & Mutations

You cannot be hasted, slowed, berserked, paralysed or teleported.
You can dig through walls and to a lower floor.
Your four strong arms can wield two-handed weapons with a shield.
You have a pair of large antennae on your head. (SInv)
You have sharp toenails.
You are clumsy. (Dex -2)
You have an increased reservoir of magic. (+10% MP)


Message History

The black bear claws you but does no damage.
The black bear claws you. The black bear bites you!
* * * LOW HITPOINT WARNING * * *
The black bear closely misses you.
The black bear claws you but does no damage.
You barely miss the black bear. You claw the black bear.
The black bear is almost dead.
The black bear bites you!
* * * LOW HITPOINT WARNING * * *
The black bear barely misses you.
The black bear claws you but does no damage.
The black bear bites you but does no damage.
The black bear claws you.
* * * LOW HITPOINT WARNING * * *
The black bear barely misses you.
You hit the black bear but do no damage.
Your kick misses the black bear.
The black bear is almost dead.
The black bear bites you!
You die...

##. { #.. ###..# ..
......######...
#............... #.
#.......@h...... #.
#........#######
#####.##........#
...............# #######
###.............###.....##
..................'......+
................###.....##
######.#.######### #.....#
..............# #.....#


You could see a black bear (berserk).

Vanquished Creatures
  Duvessa (D:6)
  Dowan (D:6)
  A jelly (D:6)
  An orc wizard (D:6)
  Natasha (thrice) (D:2)
  5 adders
  A shadow imp (D:6)
  An ooze (D:6)
  An adder skeleton (D:6)
  2 worms
  2 dart slugs (D:2)
  A leopard gecko (D:1)
  7 orcs
  2 giant cockroaches (D:1)
  7 goblins
  5 hobgoblins
  14 jackals
  7 bats
  4 frilled lizards
  2 kobolds
  6 rats
74 creatures vanquished.

Notes
Turn   | Place    | Note
-------+----------+-------------------------------------------
     0 | Abyss:1  | grindst0ne the Formicid Abyssal Knight began the quest for
                  | the Orb.
     0 | Abyss:1  | Reached XP level 1. HP: 18/18 MP: 2/2
     1 | Abyss:1  | Found a corrupted altar of Lugonu.
    50 | Abyss:1  | Noticed a cacodemon
    53 | D:1      | Escaped the Abyss
   341 | D:1      | Reached XP level 2. HP: 23/24 MP: 3/3
   351 | D:1      | Reached * piety under Lugonu
   569 | D:1      | Reached XP level 3. HP: 22/30 MP: 5/5
  1154 | D:2      | Reached XP level 4. HP: 31/37 MP: 6/6
  1896 | D:2      | Noticed Natasha
  1918 | D:2      | Killed Natasha
  1918 | D:2      | Reached XP level 5. HP: 21/43 MP: 7/7
  2185 | D:2      | Reached ** piety under Lugonu
  2185 | D:2      | Noticed Natasha
  2209 | D:2      | Killed Natasha
  2321 | D:2      | Noticed Natasha
  2329 | D:2      | Killed Natasha
  2577 | D:3      | Found a shattered altar of Ashenzari.
  2650 | D:3      | Noticed an orc warrior
  2657 | D:3      | You fall into a shaft and drop 3 floors!
  2915 | D:6      | Reached XP level 6. HP: 49/49 MP: 9/9
  3166 | D:6      | Noticed Duvessa
  3176 | D:6      | Gained mutation: You are clumsy. (Dex -2) [potion of
                  | mutation]
  3176 | D:6      | Gained mutation: You have sharp toenails. [potion of
                  | mutation]
  3176 | D:6      | Gained mutation: You have an increased reservoir of magic.
                  | (+10% MP) [potion of mutation]
  3179 | D:6      | Killed Duvessa
  3179 | D:6      | Reached skill level 5 in Fighting
  3192 | D:6      | Noticed Dowan
  3199 | D:6      | Killed Dowan
  3199 | D:6      | Reached skill level 5 in Invocations
  3199 | D:6      | Reached XP level 7. HP: 25/56 MP: 11/11
  3507 | D:6      | HP: 1/56 [black bear (6)]
  3508 | D:6      | Mangled by a black bear

Illustrated notes

Levels and vault maps discovered:
D:1:      dpeg_arrival_arbitrary_b, layout_basic, serial_bayou_lake_a
D:2:      layout_loops_corners, uniq_natasha
D:3:      layout_loops_ring, riverfiend_overflow_shadow_ancestor,
          chequers_ecumenical_altar_simple, lemuel_statue_altar
D:6:      wad_pebble_path, layout_basic, nicolae_overflow_hidden_temple,
          minmay_hollow_rounded_squares, uniq_eustachio, uniq_duvessa

Skill      XL: |  1  2  3  4  5  6 |
---------------+-------------------+-----
Invocations    | 3 4 5 |  5.2
Fighting       | 4 5 |  5.4
Maces & Flails | 3 4 |  4.4
Armour         | |  2.1
Dodging        | |  0.8

Action                   |  1- 3 |  4- 6 |  7- 9 || total
-------------------------+-------+-------+-------++-------
Melee: Mace              |    78 |   147 |       ||   225
       Flail             |       |    21 |    14 ||    35
       Kick              |       |     2 |     5 ||     7
Invok: Depart the Abyss  |     1 |       |       ||     1
 Abil: Dig               |     2 |     5 |       ||     7
       Shaft Self        |       |     1 |       ||     1
  Use: Potion            |       |     1 |       ||     1
 Stab: Sleeping          |     1 |       |       ||     1
  Eat: Chunk             |     1 |     8 |     1 ||    10
Armor: Leather armour    |    26 |       |       ||    26
       Chain mail        |       |    78 |    12 ||    90
Dodge: Dodged            |    69 |    82 |     8 ||   159
